 Dungeon Crawl Stone Soup version 0.21-a0-401-g0b6bec4 (webtiles) character file.

138 uglyjohn the Chiller (level 5, -9/37 HPs)
             Began as a Gnoll Ice Elementalist on Oct 21, 2017.
             Mangled by an ogre
             ... wielding a +0 giant spiked club
              (29 damage)
             ... on level 3 of the Dungeon.
             The game lasted 00:09:33 (2226 turns).

uglyjohn the Chiller (Gnoll Ice Elementalist)       Turns: 2226, Time: 00:09:34

Health: -9/37      AC: -1    Str: 10    XL:     5   Next: 21%
Magic:  3/12       EV: 15    Int: 18    God:
Gold:   115        SH:  0    Dex: 16    Spells: 11/14 levels left

rFire    . . .     SeeInvis .   g - +0 short sword
rCold    . . .     Gourm    .   (no shield)
rNeg     . . .     Faith    .   a - +1 robe
rPois    .         Spirit   .   (no helmet)
rElec    .         Reflect  .   (no cloak)
rCorr    .         Harm     .   (no gloves)
MR       .....                  (no boots)
Stlth    +++.......             (no amulet)
HPRegen  0.12/turn              i - -5 ring of protection (curse)
MPRegen  0.13/turn              (no ring)

@: no status effects
A: distributed training, fangs 1, strong nose
a: no special abilities


You were on level 3 of the Dungeon.
You were not hungry.

You visited 1 branch of the dungeon, and saw 3 of its levels.

You collected 115 gold pieces.

Inventory:

Hand Weapons
 d - a +0 whip
 g - a +0 short sword (weapon)
Missiles
 l - 22 bolts
Armour
 a - a +1 robe (worn)
 n - a +0 shield
Jewellery
 i - a cursed -5 ring of protection (left hand)
Scrolls
 p - a scroll of noise {unknown}
 r - a scroll of immolation {unknown}
 s - a scroll of magic mapping {unknown}
 t - a scroll of remove curse {unknown}
Potions
 e - a potion of heal wounds {unknown}
 h - a potion of brilliance {unknown}
 j - a potion of agility {unknown}
 q - a potion of flight {unknown}
Books
 b - a book of Frost

   Spells                             Type                      Level
   a - Freeze                         Ice                          1
   b - Throw Frost                    Conjuration/Ice              2
   c - Ozocubu's Armour               Charms/Ice                   3
   d - Throw Icicle                   Conjuration/Ice              4
   e - Summon Ice Beast               Ice/Summoning                4
 m - a book of Changes

   Spells                             Type                      Level
   a - Beastly Appendage              Transmutation                1
   b - Sticks to Snakes               Transmutation                2
   c - Spider Form                    Transmutation/Poison         3
   d - Ice Form                       Ice/Transmutation            4
   e - Blade Hands                    Transmutation                5
Comestibles
 c - a bread ration
 f - 5 chunks of flesh
 k - 4 fruits
 o - 2 meat rations


   Skills:
 + Level 1.4 Fighting
 + Level 1.4 Short Blades
 + Level 1.4 Long Blades
 + Level 1.4 Axes
 + Level 1.4 Maces & Flails
 + Level 1.4 Polearms
 + Level 1.4 Staves
 + Level 1.4 Slings
 + Level 1.4 Bows
 + Level 1.4 Crossbows
 + Level 1.4 Throwing
 + Level 1.4 Armour
 + Level 4.7 Dodging
 + Level 4.3 Stealth
 + Level 1.4 Shields
 + Level 1.4 Unarmed Combat
 + Level 5.1 Spellcasting
 + Level 2.3 Conjurations
 + Level 1.1 Hexes
 + Level 1.1 Charms
 + Level 1.1 Summonings
 + Level 1.1 Necromancy
 + Level 1.1 Translocations
 + Level 1.1 Transmutations
 + Level 1.1 Fire Magic
 + Level 5.5 Ice Magic
 + Level 1.1 Air Magic
 + Level 1.1 Earth Magic
 + Level 1.1 Poison Magic
 + Level 1.5 Invocations
 + Level 1.4 Evocations


You had 11 spell levels left.
You knew the following spells:

 Your Spells              Type           Power        Failure   Level  Hunger
a - Freeze                Ice            ###.         1%          1    None
b - Throw Frost           Conj/Ice       ###...       3%          2    #......


Dungeon Overview and Level Annotations

Branches:
Dungeon (3/15)

Altars:
Qazlal


Innate Abilities, Weirdness & Mutations

Your experience applies equally to all skills.
You have very sharp teeth.
Your uncanny sense of smell can sniff out nearby items.


Message History

Casting: Throw Frost
Confirm with . or Enter, or press ? or * to list all spells.
Aiming: Freeze
Press: ? - help, Shift-Dir - straight line, f/p - ogre
Aim: an ogre, wielding a giant spiked club (moderately wounded)
You freeze the ogre.
The ogre is heavily wounded.
The ogre hits you with a giant spiked club!
Casting: Freeze
Confirm with . or Enter, or press ? or * to list all spells.
Aiming: Freeze
Press: ? - help, Shift-Dir - straight line, f/p - ogre
Aim: an ogre, wielding a giant spiked club (heavily wounded)
You freeze the ogre.
The ogre is heavily wounded.
The goblin unwields an uncursed dagger.
The goblin wields a hunting sling.
The goblin shoots a sling bullet.
The sling bullet barely misses you.
The ogre hits you with a giant spiked club!!
Ouch! That really hurt!
You die...

#..##.. .##. #.# #.# #
##...#.# $##.##.####.##.#
#..#.#.##.##............#
##....$.##.##.#...###.##.#
#...)......##.#.#.....# #
#..........)..#.#..##.#
#...g.......#...#)#
#...##O.....).##..#.#
#...O #.@......##..#.#
#..g #........###.... ##.
#..............# #
#.......####...# #.......#
...# #....(..# ###........
######### ∆


You could see an ogre and a goblin.

Vanquished Creatures
  2 worker ants (D:3)
  2 adders
  An ooze (D:1)
  2 worms (D:2)
  A dart slug (D:3)
  2 leopard geckos (D:1)
  5 orcs (D:3)
  3 giant cockroaches
  6 goblins
  6 hobgoblins
  4 jackals
  A quokka (D:2)
  4 bats
  4 frilled lizards
  6 kobolds
  7 rats
56 creatures vanquished.

Notes
Turn   | Place    | Note
-------+----------+-------------------------------------------
     0 | D:1      | uglyjohn the Gnoll Ice Elementalist began the quest for the Orb.
     0 | D:1      | Reached XP level 1. HP: 13/13 MP: 6/6
   293 | D:1      | Reached XP level 2. HP: 20/20 MP: 4/7
   298 | D:1      | Learned a level 2 spell: Throw Frost
   743 | D:1      | Reached XP level 3. HP: 20/25 MP: 9/9
   792 | D:1      | Reached skill level 5 in Spellcasting
  1129 | D:2      | Reached skill level 1 in Invocations
  1221 | D:2      | Reached skill level 1 in Fighting
  1221 | D:2      | Reached skill level 1 in Short Blades
  1221 | D:2      | Reached skill level 1 in Long Blades
  1221 | D:2      | Reached skill level 1 in Axes
  1221 | D:2      | Reached skill level 1 in Maces & Flails
  1221 | D:2      | Reached skill level 1 in Polearms
  1221 | D:2      | Reached skill level 1 in Staves
  1221 | D:2      | Reached skill level 1 in Slings
  1221 | D:2      | Reached skill level 1 in Bows
  1221 | D:2      | Reached skill level 1 in Crossbows
  1221 | D:2      | Reached skill level 1 in Throwing
  1221 | D:2      | Reached skill level 1 in Armour
  1221 | D:2      | Reached skill level 1 in Shields
  1221 | D:2      | Reached skill level 1 in Unarmed Combat
  1221 | D:2      | Reached skill level 1 in Evocations
  1255 | D:2      | Found a stormy altar of Qazlal.
  1332 | D:2      | Reached XP level 4. HP: 32/32 MP: 6/11
  1719 | D:3      | Reached skill level 1 in Hexes
  1719 | D:3      | Reached skill level 1 in Charms
  1719 | D:3      | Reached skill level 1 in Summonings
  1719 | D:3      | Reached skill level 1 in Necromancy
  1719 | D:3      | Reached skill level 1 in Translocations
  1719 | D:3      | Reached skill level 1 in Transmutations
  1719 | D:3      | Reached skill level 1 in Fire Magic
  1719 | D:3      | Reached skill level 1 in Air Magic
  1719 | D:3      | Reached skill level 1 in Earth Magic
  1719 | D:3      | Reached skill level 1 in Poison Magic
  2202 | D:3      | Reached XP level 5. HP: 31/37 MP: 9/12
  2217 | D:3      | Noticed an ogre
  2226 | D:3      | Mangled by an ogre

Vault maps used:
D:1:      mushboom_english_gardens
D:2:      grunt_qazlal_sundering
D:3:      minmay_misc_feat_x

Skill      XL: |  1  2  3  4 |
---------------+-------------+-----
Conjurations   | 2 |  2.3
Spellcasting   | 5 |  5.1
Invocations    | 1 |  1.5
Fighting       | 1 |  1.4
Short Blades   | 1 |  1.4
Long Blades    | 1 |  1.4
Axes           | 1 |  1.4
Maces & Flails | 1 |  1.4
Polearms       | 1 |  1.4
Staves         | 1 |  1.4
Slings         | 1 |  1.4
Bows           | 1 |  1.4
Crossbows      | 1 |  1.4
Throwing       | 1 |  1.4
Armour         | 1 |  1.4
Shields        | 1 |  1.4
Unarmed Combat | 1 |  1.4
Evocations     | 1 |  1.4
Hexes          | 1 |  1.1
Charms         | 1 |  1.1
Summonings     | 1 |  1.1
Necromancy     | 1 |  1.1
Translocations | 1 |  1.1
Transmutations | 1 |  1.1
Fire Magic     | 1 |  1.1
Air Magic      | 1 |  1.1
Earth Magic    | 1 |  1.1
Poison Magic   | 1 |  1.1
Dodging        | |  4.7
Stealth        | |  4.3
Ice Magic      | |  5.5

Action                   |  1- 3 |  4- 6 || total
-------------------------+-------+-------++-------
Melee: Unarmed           |     7 |       ||     7
       Bite              |     1 |     1 ||     2
       Whip              |     3 |       ||     3
       Short sword       |     6 |    15 ||    21
 Cast: Freeze            |    49 |    25 ||    74
       Throw Frost       |       |     2 ||     2
  Use: Scroll            |     1 |       ||     1
 Stab: Sleeping          |     2 |     4 ||     6
       Distracted        |     1 |       ||     1
  Eat: Chunk             |     1 |     3 ||     4
Armor: Robe              |     1 |       ||     1
Dodge: Dodged            |    36 |    18 ||    54

Table legend:
 A = Spawn XP
 B = Non-spawn XP
 C = Spawn XP percentage of total XP
 D = Spawn monster count
 E = Non-spawn monster count
 F = Spawn count percentage of total count
 G = Total turns spent on level
                    A         B        C        D         E        F      G
               +---------+---------+-------+---------+---------+-------+---------
         Total |       0 |     198 |   0.0 |       0 |      56 |   0.0 |  2226
               +---------+---------+-------+---------+---------+-------+---------
           D:1 |       0 |      50 |   0.0 |       0 |      26 |   0.0 |  1092
           D:2 |       0 |      45 |   0.0 |       0 |      19 |   0.0 |   585
           D:3 |       0 |     103 |   0.0 |       0 |      11 |   0.0 |   549
               +---------+---------+-------+---------+---------+-------+---------
